 Dungeon Crawl Stone Soup version 0.26.0-10-g1f06aea511 (webtiles) character file.

Game seed: 384685382648735501

1542 funkygono the Magician (level 8, -3/43 HPs)
             Began as a Gargoyle Fire Elementalist on Jan 31, 2021.
             Slain by Harold
             ... wielding a cursed -1 broad axe
              (17 damage)
             ... on level 7 of the Dungeon.
             The game lasted 00:16:44 (7879 turns).

funkygono the Magician (Gargoyle Fire Elementalist) Turns: 7879, Time: 00:16:45

Health: -3/43      AC: 11    Str: 12    XL:     8   Next: 87%
Magic:  14/17      EV: 12    Int: 18    God:
Gold:   373        SH:  0    Dex: 10    Spells: 10/19 levels left

rFire    . . .     SeeInvis .   r - +5 quarterstaff (chaos)
rCold    . . .     Faith    .   (shield currently unavailable)
rNeg     + . .     Spirit   .   g - +1 robe {Will+}
rPois    ∞         Reflect  .   o - +0 helmet
rElec    +         Harm     .   j - +0 cloak
rCorr    .         Rampage  .   i - +0 pair of gloves
Will     +....                  (no boots)
Stlth    ++........             (no amulet)
HPRegen  0.14/turn              (no ring)
MPRegen  0.15/turn              (no ring)

@: no status effects
A: negative energy resistance 1, electricity resistance, unbreathing,
petrification resistance, miasma immunity, AC +5
a: no special abilities


You were on level 7 of the Dungeon.
You visited 2 branches of the dungeon, and saw 8 of its levels.

You collected 373 gold pieces.

Inventory:

Hand Weapons
 k - a +2 dagger of electrocution
 r - a +5 quarterstaff of chaos (weapon)
Missiles
 d - 195 stones
Armour
 f - a +0 cloak
 g - a +1 robe of willpower (worn)
 h - a +2 leather armour of fire resistance
 i - a +0 pair of gloves (worn)
 j - a +0 cloak (worn)
 o - a +0 helmet (worn)
Wands
 c - a wand of random effects (21)
Scrolls
 b - 3 scrolls of teleportation
 l - 4 scrolls of remove curse
 q - a scroll of blinking
Potions
 a - a potion of might
 e - 3 potions of invisibility
 m - 2 potions of magic
 n - a potion of lignification
 p - a potion of berserk rage
 s - 3 potions of flight
 t - a potion of curing
 w - a potion of haste
 z - a potion of brilliance {unknown}
 A - a potion of resistance {unknown}


   Skills:
 + Level 1.2 Fighting
 + Level 3.1 Staves
 + Level 2.8 Dodging
 + Level 2.8 Stealth
 * Level 6.0 Spellcasting
 * Level 5.7 Conjurations
 * Level 5.6 Fire Magic


You had 10 spell levels left.
You knew the following spells:

 Your Spells              Type           Power        Failure   Level
a - Foxfire               Conj/Fire      100%         1%          1
b - Conjure Flame         Conj/Fire      26%          3%          3
c - Fireball              Conj/Fire      13%          32%         5

Your spell library contained the following spells:

 Spells                   Type           Power        Failure   Level
 Inner Flame              Hex/Fire       15%          11%         3
 Sticky Flame             Conj/Fire      26%          12%         4


Dungeon Overview and Level Annotations

Branches:
Dungeon (7/15)             Temple (1/1) D:7

Altars:
Ashenzari
Cheibriados
Dithmenos
Elyvilon
Fedhas
Gozag
Hepliaklqana
Kikubaaqudgha
Makhleb
Nemelex Xobeh
Okawaru
Qazlal
Ru
Sif Muna
Uskayaw
Vehumet
Xom
Yredelemnul
The Shining One

Annotations:
D:7 Harold


Innate Abilities, Weirdness & Mutations

You are resistant to torment.
Your stone body is resilient. (AC +5)
You are immune to poison.
You resist negative energy. (rN+)
You are resistant to electric shocks. (rElec)
You can survive without breathing.
You are immune to petrification.
You are immune to miasma.


Message History

The quasit claws you but does no damage. x2
It was a potion of heal wounds.
You feel much better. Harold barely misses you.
The quasit bites you but does no damage.
The quasit barely misses you.
The quasit claws you but does no damage.
Harold hits you with a cursed -1 broad axe.
You miss the quasit.
The quasit is moderately wounded.
The quasit bites you but does no damage.
The quasit claws you but does no damage. x2
You hit Harold but do no damage.
Harold seems to grow stronger.
Harold is moderately wounded.
Harold hits you with a cursed -1 broad axe!
You sock Harold! You freeze Harold.
Harold is moderately wounded.
Harold misses you.
You hit Harold. You freeze Harold.
Harold is moderately wounded.
Harold hits you with a cursed -1 broad axe!
You die...

#.....<....# ...#
#.########.# .... #.#
####.....
####.##..........
#............$..#
##.##.##.###......
###........#.$...#
.#.......####.....##
...........@@5.......
.#.#....>.###.....###
#..###...# #.....#
#.#. ##.## ###.### .
# #.# .# #.# ## .## [
.


You could see Harold (fast, strong) and a quasit.

Vanquished Creatures
  A water moccasin (D:5)
  An orc warrior (D:5)
  A sky beast (D:5)
  An ogre (D:5)
  A necrophage (D:5)
  A phantom (D:5)
  2 bullfrogs
  A water moccasin skeleton (D:6)
  A bullfrog zombie (D:5)
  A hound (D:4)
  Crazy Yiuf (D:2)
  4 orc priests
  5 orc wizards
  7 worker ants
  A hound zombie (D:6)
  4 gnolls
  A howler monkey skeleton (D:4)
  4 adders
  A shadow imp (D:6)
  3 white imps
  An ufetubus (D:6)
  3 oozes
  An adder skeleton (D:4)
  2 adder zombies
  4 worms
  3 dart slugs
  3 leopard geckos
  27 orcs
  2 ball pythons
  7 giant cockroaches
  5 hobgoblins
  9 jackals
  7 kobolds
  2 quokkas
  A ball python skeleton (D:5)
  10 bats
  2 frilled lizards
  5 goblins
  A jackal zombie (D:5)
  A quokka zombie (D:3)
  9 rats
  A butterfly (D:7)
148 creatures vanquished.

Vanquished Creatures (others)
  518 foxfires
518 creatures vanquished.

Grand Total: 666 creatures vanquished

Notes
Turn   | Place    | Note
-------+----------+-------------------------------------------
     0 | D:1      | funkygono the Gargoyle Fire Elementalist began the quest
                  | for the Orb.
     0 | D:1      | Reached XP level 1. HP: 10/10 MP: 3/3
   309 | D:1      | Reached XP level 2. HP: 15/15 MP: 0/5
   821 | D:1      | Reached XP level 3. HP: 19/19 MP: 3/6
  1497 | D:1      | Learned a level 3 spell: Conjure Flame
  2098 | D:2      | Found a burning altar of Makhleb.
  2098 | D:2      | Found a sacrificial altar of Ru.
  2279 | D:2      | Found a hide-covered altar of Uskayaw.
  2527 | D:2      | Found a runed translucent door.
  2528 | D:2      | Noticed Crazy Yiuf
  2671 | D:2      | Paralysed by Crazy Yiuf for 4 turns
  2672 | D:2      | Killed Crazy Yiuf
  2673 | D:2      | Reached skill level 3 in Spellcasting
  2673 | D:2      | Reached XP level 4. HP: 16/24 MP: 2/8
  3065 | D:3      | Reached XP level 5. HP: 19/28 MP: 3/9
  3071 | D:3      | Learned a level 5 spell: Fireball
  3800 | D:3      | Reached skill level 1 in Staves
  4005 | D:4      | Reached XP level 6. HP: 32/32 MP: 7/11
  4640 | D:4      | Reached skill level 4 in Spellcasting
  4775 | D:4      | Reached XP level 7. HP: 36/36 MP: 7/13
  5006 | D:5      | Entered Level 5 of the Dungeon
  5461 | D:5      | Found an iron altar of Okawaru.
  5611 | D:5      | Reached skill level 5 in Spellcasting
  5751 | D:5      | Reached XP level 8. HP: 42/42 MP: 9/15
  5823 | D:5      | HP: 1/42 [orc priest/divine providence (13)]
  5826 | D:5      | Reached skill level 5 in Fire Magic
  6096 | D:5      | Found an iron altar of Okawaru.
  6096 | D:5      | Found a sparkling altar of Nemelex Xobeh.
  6096 | D:5      | Found a shimmering blue altar of Sif Muna.
  6096 | D:5      | Found a white marble altar of Elyvilon.
  6096 | D:5      | Found a stormy altar of Qazlal.
  6096 | D:5      | Found a blossoming altar of Fedhas.
  6096 | D:5      | Found a broken altar of Ashenzari.
  6883 | D:6      | Reached skill level 5 in Conjurations
  6886 | D:6      | Reached skill level 1 in Fighting
  7392 | D:6      | Reached skill level 6 in Spellcasting
  7521 | D:7      | Found a staircase to the Ecumenical Temple.
  7539 | Temple   | Entered the Ecumenical Temple
  7860 | D:7      | Noticed Harold
  7879 | D:7      | Slain by Harold

Illustrated notes

Levels and vault maps discovered:
D:1:      co_arrival_random_square_maze, layout_basic, serial_bayou_pond_a,
          chequers_serial_rivers_large_a
D:2:      layout_basic, overflow_temple_1_default,
          gammafunk_temple_overflow_elements, uniq_crazy_yiuf_cottage
D:3:      minmay_recursive_quarters, layout_basic
D:4:      layout_loops_ring
D:5:      layout_basic, grunt_temple_overflow_open, dk_vineyard_2,
          okawaru_ov_weapons_minmay
D:6:      layout_rooms
D:7:      layout_loops_ring, zin_treasury, nzn_wu_jian_contemplation,
          minmay_temple_entry_butterflies, uniq_harold
Temple:   compressed_dpeg_triangle_lava_temple

Skill      XL: |  1  2  3  4  5  6  7  8 |
---------------+-------------------------+-----
Spellcasting   | 3 4 5 6 |  6.0
Conjurations   | 2 3 4 5 |  5.7
Staves         | 2 3 |  3.1
Dodging        | 2 |  2.8
Fire Magic     | 4 5 |  5.6
Fighting       | 1 |  1.2
Stealth        | |  2.8

Action                   |  1- 3 |  4- 6 |  7- 9 || total
-------------------------+-------+-------+-------++-------
Melee: Unarmed           |     4 |       |       ||     4
       Dagger            |     8 |       |       ||     8
       Quarterstaff      |       |    54 |    50 ||   104
 Cast: Foxfire           |    89 |    95 |   142 ||   326
       Conjure Flame     |       |       |     1 ||     1
  Use: Scroll            |       |    14 |     6 ||    20
       Potion            |       |       |     1 ||     1
Armor: Robe              |    25 |    39 |    44 ||   108
Dodge: Dodged            |    48 |    75 |    65 ||   188
